Selects Airborne Battlegroup
Selects Heavy Machine Gun Paradrop
Heavy Machine Gun Paradrop
Selects Paratrooper Squad Paradrop
Paratrooper Squad Paradrop
Construct Weapon Support Center
Construct Weapon Support Center
M3 Armored Personnel Carrier
Paratrooper Squad Paradrop
M1918 Browning Automatic Rifles
Selects Anti-tank Gun Team Paradrop
Improved M9 Bazooka Rockets
Paratrooper Squad Paradrop
Selects Paradrop Reinforcements
Selects Carpet Bombing Run
M18 Hellcat Tank Destroyer
M3 Armored Personnel Carrier
M18 Hellcat Tank Destroyer
M18 Hellcat Tank Destroyer
M4(105) Sherman Bulldozer